AoeStats
← jphilkill

Arena

509388011Analyzed
4v4 RM · 5d ago on Sep 26, 2026· 52m 2s· 8 players
Game mode
Random Map
Map size
Large (8 player)
Population
200
Speed
Normal
Resources
Standard
Victory
Conquest
Starting age
Dark Age
Ending age
Imperial Age
RankedLock teamsTeams togetherTeam positionsShared explorationLock speedFull tech treeHidden civsTurbo modeCheats
Victory
Defeat
🇩🇪 Franks · Germany
856
+17
🇹🇷 Britons · Türkiye
829
+18
🇹🇷 Persians · Türkiye
826
+18
🇪🇸 Turks · Spain
824
+18
🇨🇦 Magyars · Canada
897
-19
🇺🇸 Saracens · United States
885
-18
🇨🇳 Burgundians · China
878
-18
🇯🇵 Celts · Japan
830
-16
jphilkill
0:46 Loom
12:17 Feudal Age
17:20 Castle Age
15:08 Double-Bit Axe
15:52 Gold Mining
16:20 Stone Mining
19:03 Gold Shaft Mining
23:15 Wheelbarrow
26:26 Scale Mail Armor
26:46 Pikeman
37:22 Forging
37:28 Chain Mail Armor
40:22 Iron Casting
43:34 Scale Barding Armor
43:21 Fletching
43:49 Squires
44:38 Hand Cart
44:40 Bow Saw
49:33 Imperial Age
48:34 Bodkin Arrow
48:40 Padded Archer Armor
50:40 Conscription
51:24 Chemistry
50:30 Siege Engineers
49:52 Capped Ram
50:39 Cavalier
51:20 Husbandry
Bardagger
12:04 Feudal Age
17:17 Castle Age
15:50 Horse Collar
16:20 Double-Bit Axe
20:49 Bow Saw
20:43 Heavy Plow
23:06 Gold Mining
24:04 Ballistics
26:03 Wheelbarrow
26:40 Thumb Ring
26:40 Squires
27:01 Hand Cart
30:44 Fletching
36:37 Imperial Age
34:40 Caravan
36:28 Loom
36:28 Town Watch
38:01 Elite Janissary
39:03 Sipahi
38:47 Artillery
39:47 Town Patrol
39:53 Bodkin Arrow
40:00 Scale Mail Armor
40:01 Padded Archer Armor
40:45 Bombard Tower
41:31 Two-Man Saw
40:34 Stone Mining
44:06 Sipahi
47:36 Husbandry
47:47 Bloodlines
52:47 Parthian Tactics
ryioze
9:34 Feudal Age
10:03 Double-Bit Axe
10:00 Horse Collar
18:18 Castle Age
18:02 Stone Mining
20:18 Bow Saw
23:00 Gold Mining
23:15 Heavy Plow
27:53 Gold Shaft Mining
28:38 Loom
29:16 Fletching
29:26 Padded Archer Armor
33:19 Imperial Age
31:51 Leather Archer Armor
32:34 Ballistics
31:54 Treadmill Crane
32:13 Bodkin Arrow
32:48 Masonry
34:34 Yeomen
34:42 Warwolf
34:05 Elite Longbowman
34:52 Bracer
36:36 Chemistry
36:53 Architecture
37:03 Ring Archer Armor
38:19 Two-Man Saw
38:54 Wheelbarrow
38:05 Town Watch
39:00 Guilds
43:42 Warwolf
49:51 Siege Engineers
Fatih
11:41 Feudal Age
13:50 Wheelbarrow
16:20 Castle Age
14:37 Double-Bit Axe
14:38 Horse Collar
23:22 Hand Cart
22:59 Loom
23:04 Town Watch
24:37 Bow Saw
24:29 Heavy Plow
24:21 Gold Mining
27:15 Gold Shaft Mining
26:30 Stone Mining
29:16 Stone Shaft Mining
31:42 Imperial Age
29:30 Forging
29:25 Scale Barding Armor
31:34 Ballistics
31:25 Masonry
31:55 Iron Casting
31:40 Chain Barding Armor
33:06 Two-Man Saw
32:37 Crop Rotation
31:49 Heavy Camel Rider
34:00 Chemistry
33:39 Guilds
33:30 Caravan
34:33 Blast Furnace
34:11 Plate Barding Armor
34:11 Architecture
33:50 Husbandry
34:01 Bloodlines
33:18 Cavalier
34:33 Fletching
34:43 Padded Archer Armor
34:57 Savar
35:03 Heavy Camel Rider
39:00 Bodkin Arrow
39:20 Leather Archer Armor
42:21 Light Cavalry
44:06 Conscription
43:49 Kamandaran
44:26 Hoardings
44:03 Citadels
45:10 Hussar
45:49 Elite War Elephant
48:08 Ring Archer Armor
47:38 Scale Mail Armor
48:12 Coinage
49:20 Thumb Ring
48:35 Crossbowman
49:41 Parthian Tactics
48:37 Elite Skirmisher
50:09 Town Patrol
50:07 Guard Tower
50:32 Clinker Construction
xFREEtheCHIEFx
12:27 Feudal Age
13:21 Double-Bit Axe
13:26 Horse Collar
15:37 Loom
18:03 Castle Age
16:19 Stone Mining
19:57 Bow Saw
20:28 Heavy Plow
23:58 Gold Mining
24:47 Wheelbarrow
27:37 Gold Shaft Mining
27:20 Hand Cart
29:14 Fletching
29:35 Forging
29:28 Padded Archer Armor
32:10 Imperial Age
30:09 Crossbowman
30:55 Thumb Ring
31:14 Leather Archer Armor
30:56 Bodkin Arrow
32:27 Town Watch
34:06 Husbandry
34:16 Bloodlines
34:10 Bracer
34:41 Ring Archer Armor
34:24 Forging
34:43 Arbalester
36:07 Town Patrol
36:30 Ballistics
37:12 Chemistry
37:52 Heavy Camel Rider
R.I.P
5:56 Loom
13:26 Feudal Age
18:47 Castle Age
17:04 Double-Bit Axe
17:01 Horse Collar
18:10 Gold Mining
20:31 Fletching
20:42 Padded Archer Armor
20:50 Scale Barding Armor
24:16 Wheelbarrow
23:57 Elite Skirmisher
25:03 Chain Barding Armor
26:35 Husbandry
27:15 Bloodlines
26:40 Light Cavalry
27:21 Bodkin Arrow
27:41 Leather Archer Armor
40:12 Imperial Age
38:35 Scale Mail Armor
42:03 Gold Shaft Mining
43:12 Conscription
42:15 Hussar
44:45 Plate Barding Armor
kokokun
13:14 Feudal Age
17:56 Castle Age
15:50 Double-Bit Axe
15:52 Horse Collar
16:37 Gold Mining
18:18 Wheelbarrow
18:48 Bow Saw
19:46 Heavy Plow
20:08 Loom
23:04 Stone Mining
26:53 Stone Shaft Mining
26:59 Gold Shaft Mining
27:15 Scale Mail Armor
27:26 Forging
26:45 Pikeman
28:08 Gambesons
28:10 Arson
28:50 Chain Mail Armor
30:25 Iron Casting
36:14 Imperial Age
34:02 Hand Cart
35:57 Stronghold
38:44 Furor Celtica
39:22 Plate Mail Armor
39:52 Blast Furnace
38:17 Halberdier
38:52 Heavy Scorpion
41:03 Town Watch
45:58 Chemistry
45:19 Ballistics
45:05 Siege Engineers
44:57 Murder Holes
44:48 Arrowslits
46:07 Masonry
abcd312
0:28 Loom
10:48 Feudal Age
9:52 Double-Bit Axe
9:59 Horse Collar
11:49 Heavy Plow
12:14 Bow Saw
13:00 Wheelbarrow
18:40 Castle Age
17:25 Gold Mining
19:36 Town Watch
21:49 Gold Shaft Mining
23:55 Fervor
29:21 Imperial Age
27:13 Stone Mining
28:26 Two-Man Saw
28:00 Crop Rotation
30:09 Stone Shaft Mining
31:27 Chemistry
31:15 Hand Cart
30:25 Cavalier
31:05 Husbandry
30:25 Light Cavalry
32:55 Paladin
32:56 Hussar
34:43 Town Patrol
34:52 Hussar
36:51 Forging
36:46 Scale Barding Armor
36:17 Elite Skirmisher
38:32 Fletching
38:43 Padded Archer Armor
39:18 Iron Casting
39:04 Chain Barding Armor
40:16 Bodkin Arrow
40:36 Leather Archer Armor
40:22 Scale Mail Armor
40:40 Burgundian Vineyards
41:11 Hoardings
43:32 Plate Barding Armor
43:58 Blast Furnace
43:02 Caravan
43:33 Coinage
43:13 Guilds
47:37 Bombard Tower
47:28 Fortified Wall
46:58 Treadmill Crane
47:29 Masonry
48:33 Bracer
Connection lost

Rejoining the realm…

Still unreachable

The connection could not be restored.

Session expired

The server has moved on; the page needs a fresh start.